Cogmind - Beta 13 @@@ ROGUE MODE // 2024.04.20 @ 17:02:00 Player: NOGames Result: Destroyed by S-10 Pest with Light Assault Rifle Performance ------------- Evolutions (2) 1000 Regions Visited (4) 800 Robots Destroyed (63) 315 Value Destroyed (1595) 1595 Prototype IDs (0) 0 Alien Tech Used (0) 0 Bonus (99) 99 TOTAL SCORE: 3809 Bonus ------- High Alert Combat Kills 99 Cogmind --------- Core Integrity 0/550 Matter 300/300 Energy 160/160 System Corruption 0% Temperature Cool (0) Movement Walking (190) Ox1 Location -8/Materials Parts ------- > --- POWER (1) -------- Light Nuclear Core > --- PROPULSION (4) --- Light Treads Light Treads Aluminum Leg Aluminum Leg > --- UTILITY (3) ------ Large Storage Unit Signal Interpreter > --- WEAPON (3) ------- Axe > --- INVENTORY (15) --- Aluminum Leg Aluminum Leg Visual Processing Unit EM Pulse Gun Datajack Peak State ------------ > --- POWER ------------ Light Ion Engine > --- PROPULSION ------- Wheel Wheel Wheel Compact Wheel > --- UTILITY ---------- Large Storage Unit Signal Interpreter Seismic Detector > --- WEAPON ----------- High-powered Shotgun High-powered Shotgun High-powered Shotgun > --- INVENTORY -------- Aluminum Leg Aluminum Leg Visual Processing Unit EM Pulse Gun Beam Cannon Beam Cannon Mini Grenade Launcher Datajack Axe [Rating: 18] Favorites ----------- Power Ion Engine Engine Ion Engine Power Core Light Nuclear Core Propulsion Light Treads Treads Light Treads Leg Aluminum Leg Wheel Compact Wheel Utility Large Storage Unit Device Seismic Detector Storage Large Storage Unit Processor Signal Interpreter Protection Light Armor Plating Weapon Light Assault Rifle Energy Gun Medium Laser Energy Cannon Beam Cannon Ballistic Gun Light Assault Rifle Launcher Mini Grenade Launcher Slashing Weapon Axe Build | -11 -10 -9 -9 -8 ------- Run | Yrd Mat Mat Min Mat Slots Evolved 4 | . . 2 . 2 Power . | . . . . . Propulsion 2 | . . . . 2 Utility 1 | . . 1 . . Weapon 1 | . . 1 . . Parts Attached 32 | 2 7 7 . 16 Power 4 | . 2 1 . 1 Engine 3 | . 2 1 . . Core 1 | . . . . 1 Reactor . | . . . . . Propulsion 13 | 2 . 3 . 8 Treads 6 | 2 . . . 4 Leg 2 | . . . . 2 Wheel 5 | . . 3 . 2 Hover . | . . . . . Flight . | . . . . . Utility 5 | . 3 . . 2 Device 1 | . . . . 1 Storage 1 | . 1 . . . Processor 1 | . . . . 1 Hackware . | . . . . . Protection 2 | . 2 . . . Artifact . | . . . . . Weapon 10 | . 2 3 . 5 Energy Gun . | . . . . . Energy Cannon 2 | . . . . 2 Ballistic Gun 5 | . 2 3 . . Ballistic Cannon . | . . . . . Launcher 2 | . . . . 2 Special Weapon . | . . . . . Impact Weapon . | . . . . . Slashing Weapon 1 | . . . . 1 Piercing Weapon . | . . . . . Special Melee Weapon . | . . . . . Unidentified Prototypes . | . . . . . Parts Lost 21 | . 3 3 . 15 Power 3 | . 1 1 . 1 Propulsion 8 | . 1 1 . 6 Utility 2 | . . 1 . 1 Weapon 8 | . 1 . . 7 Highest Loss Streak 11 | . 2 2 . 11 To Critical Strikes . | . . . . . Average Slot Usage (%) 82 | . 86 81 77 72 Engine 10 | . 13 10 11 1 Treads 17 | . 21 . . 24 Wheel 6 | . . 20 22 6 Storage 12 | . 14 11 11 9 Processor 2 | . . . . 8 Protection 5 | . 8 6 . . Energy Gun 4 | . 7 . . . Ballistic Gun 19 | . 20 32 33 5 Launcher 1 | . . . . 6 Slashing Weapon 1 | . . . . 5 Naked Turns . | . . . . . Heaviest Build 37 | 13 30 37 32 33 Greatest Support 80 | 40 40 32 26 80 Greatest Overweight (x) 7 | . 1 1 1 7 Average Overweight (x) . | . . . 1 . Largest Inventory Capacity 15 | 8 15 15 15 15 Average Capacity 14 | 8 13 15 15 15 Most Carried 12 | 6 10 10 12 11 Average Carried 7 | 6 7 8 10 5 Final Capacity 15 | 8 15 15 15 15 Final Carried 12 | 6 10 10 12 5 Class Distribution -------------------- 57% | Mutant 16% | Scavenger-Mutant 13% | Gunner 8% | Tank 3% | Scavenger-Gunner Dominant Class ---------------- Mutant | -10/Materials Tank | -9/Materials Gunner | -9/Mines Scavenger-Mutant | -8/Materials Resources | -11 -10 -9 -9 -8 ----------- Run | Yrd Mat Mat Min Mat Matter Collected 1177 | 220 135 299 51 472 Remotely . | . . . . . Salvage Created 1815 | . 463 408 20 924 Parts 130 | . 32 33 3 62 Haulers Intercepted 6 | . 2 1 . 3 Recyclers Shooed 1 | . . . . 1 Parts Field Recycled . | . . . . . Retrieved Matter . | . . . . . Parts Self-Destructed . | . . . . . Prevented . | . . . . . Kills | -11 -10 -9 -9 -8 ------- Run | Yrd Mat Mat Min Mat Combat Hostiles Destroyed 46 | . 11 15 1 19 Melee 4 | . . . . 4 Guns 33 | . 11 15 1 6 Cannons 2 | . . . . 2 AOE 7 | . . . . 7 Classes Destroyed 11 | . 6 2 . 3 Worker 4 | . 1 1 1 1 Tunneler 1 | . . . . 1 Hauler 6 | . 2 1 . 3 Recycler 1 | . . . . 1 Operator 2 | . 1 . . 1 Watcher 3 | . 2 . . 1 Swarmer 18 | . 6 8 1 3 Grunt 20 | . 5 3 . 12 Duelist 1 | . . 1 . . Sentry 5 | . . 3 . 2 Hunter 2 | . . . . 2 Best Kill Streak 13 | . 4 4 2 13 Combat Bots Only 11 | . 3 4 1 11 Max Kills in Single Turn 2 | . 2 2 1 2 Gunslinging 1 | . . 1 . . Exploded 2 | . . . . 2 Melee 1 | . . . . 1 Uniques/NPCs Destroyed . | . . . . . Combat | -11 -10 -9 -9 -8 -------- Run | Yrd Mat Mat Min Mat Hostile Shots Fired 315 | . 90 53 12 160 Missed 75 | . 21 19 1 34 Damage Taken 2790 | . 731 352 83 1624 Core 774 | . 163 41 16 554 Absorbed by Shields . | . . . . . Redirected to Shielding 12 | . 12 . . . Core Remaining (%) 73 | 100 34 . 85 . Volleys Fired 122 | . 61 29 6 26 Largest 3 | . 2 3 3 3 Hottest 145 | . 70 75 75 145 Shots Fired 285 | . 122 87 18 58 Gun 247 | . 122 87 18 20 Cannon 22 | . . . . 22 Launcher 16 | . . . . 16 Special . | . . . . . Kinetic 205 | . 80 87 18 20 Thermal 64 | . 42 . . 22 Explosive 16 | . . . . 16 Electromagnetic . | . . . . . Robot Hit Streak 8 | . 8 6 3 5 Robot Miss Streak 15 | . 5 15 10 8 Penetration Max . | . . . . . Secondary Targets 3 | . . 2 . 1 Max Gunslinging Chain 1 | . . 1 . 1 Shots Hit Robots 160 | . 64 41 7 48 Core Hits 110 | . 33 25 3 49 Critical Kills . | . . . . . Critical Parts Destroyed 1 | . . 1 . . Critical Strikes 5 | . 2 1 . 2 Burn 2 | . 2 . . . Destroy 1 | . . 1 . . Sever 2 | . . . . 2 Melee Attacks 23 | . . . . 23 Impact . | . . . . . Slashing 23 | . . . . 23 Piercing . | . . . . . Sneak Attacks 7 | . . . . 7 Combat Hostiles . | . . . . . Follow-up Attacks . | . . . . . Damage Inflicted 4074 | . 641 714 103 2616 Guns 1755 | . 641 714 103 297 Cannons 193 | . . . . 193 Explosions 1233 | . . . . 1233 Melee 893 | . . . . 893 Ramming . | . . . . . Kinetic 1487 | . 373 714 103 297 Thermal 584 | . 268 . . 316 Explosive 1110 | . . . . 1110 Electromagnetic . | . . . . . Impact . | . . . . . Slashing 893 | . . . . 893 Piercing . | . . . . . Highest Corruption . | . . . . . Average Corruption . | . . . . . Corruption Purged . | . . . . . Corruption Blocked . | . . . . . Overload Shots . | . . . . . Overflow Damage 138 | . . . . 138 Projectiles . | . . . . . Explosions 20 | . . . . 20 Melee 118 | . . . . 118 Knockbacks . | . . . . . Impact . | . . . . . Kinetic . | . . . . . Secondary . | . . . . . Self-Inflicted Damage 50 | . . . . 50 Shots 2 | . . . . 2 Rammed . | . . . . . Targets Rammed . | . . . . . Kicked . | . . . . . Crushed . | . . . . . Highest Temperature 623 | . 283 51 12 623 Average Temperature 100 | . 67 14 5 283 Received Heat Transfer 627 | . 168 27 . 432 Effects 16 | . . . . 16 Energy Bleed 8 | . . . . 8 Interference 2 | . . . . 2 Damage (minor) 2 | . . . . 2 Damage (major) 3 | . . . . 3 Damage (core) 1 | . . . . 1 Siege Activations . | . . . . . Robots Corrupted . | . . . . . Combat Hostiles . | . . . . . Parts Fried . | . . . . . Impact Corruptions . | . . . . . Robots Melted . | . . . . . Combat Hostiles . | . . . . . Parts Melted 4 | . 4 . . . Heat Transferred 1432 | . 925 . . 507 Parts Sabotaged . | . . . . . Parts Stolen . | . . . . . Parts Stripped . | . . . . . Power Chain Reactions . | . . . . . Alert | -11 -10 -9 -9 -8 ------- Run | Yrd Mat Mat Min Mat Peak Influence 598 | . 144 486 215 598 Initial 135 | . . . 135 83 Average 161 | . 45 268 146 371 Maximum Alert Level 2 | . . 2 1 2 Low Security (%) 71 | 100 100 36 87 21 Level 1 10 | . . 29 12 20 Level 2 18 | . . 33 . 57 Level 3 . | . . . . . Level 4 . | . . . . . Level 5 . | . . . . . High Security . | . . . . . Max Security . | . . . . . Squads Dispatched 8 | . 1 2 . 5 Investigation 1 | . . 1 . . Extermination . | . . . . . Reinforcement 5 | . 1 1 . 3 Assault . | . . . . . Garrison 2 | . . . . 2 Intercept . | . . . . . Searches Triggered . | . . . . . Construction Impeded . | . . . . . Haulers Reinforced . | . . . . . Active Scanning Responses . | . . . . . Cargo Convoy Interrupts . | . . . . . Stealth | -11 -10 -9 -9 -8 --------- Run | Yrd Mat Mat Min Mat Distress Signals 5 | . 1 1 . 3 Communications Jammed . | . . . . . Distress Signals . | . . . . . Times Spotted 76 | . 20 20 4 32 Peak Tracking Total 9 | . 4 5 4 9 Tactical Retreats 5 | . 1 1 1 2 Traps | -11 -10 -9 -9 -8 ------- Run | Yrd Mat Mat Min Mat Traps Triggered 4 | . 3 1 . . Indirectly . | . . . . . Trap Hack Attempts . | . . . . . Triggered . | . . . . . Disarmed . | . . . . . Reprogrammed . | . . . . . Reused . | . . . . . Traps Extracted . | . . . . . Installed . | . . . . . Triggered . | . . . . . Machines | -11 -10 -9 -9 -8 ---------- Run | Yrd Mat Mat Min Mat Machines Disabled 6 | . . 3 . 3 Max in Single Turn 3 | . . 1 . 3 Garrison Access 1 | . . . . 1 Machines Repaired . | . . . . . Machines Dismantled . | . . . . . Machines Sabotaged . | . . . . . Overloaded Fab Kills . | . . . . . Hacking | -11 -10 -9 -9 -8 --------- Run | Yrd Mat Mat Min Mat Machines Accessed 13 | . 5 5 . 3 Terminals 12 | . 5 5 . 2 Fabricators . | . . . . . Repair Stations . | . . . . . Recycling Units . | . . . . . Scanalyzers . | . . . . . Garrison Access 1 | . . . . 1 Total Hacks 32 | . 14 12 . 6 Successful 16 | . 5 8 . 3 Failed 16 | . 9 4 . 3 Catastrophic 3 | . 1 2 . . Database Lockouts . | . . . . . Manual 23 | . 14 7 . 2 Terminals 31 | . 14 12 . 5 Fabricators . | . . . . . Repair Stations . | . . . . . Recycling Units . | . . . . . Scanalyzers . | . . . . . Garrison Access 1 | . . . . 1 Terminal Hacks 12 | . 4 7 . 1 Level Access Points 1 | . . . . 1 Branch Access Points 2 | . 1 1 . . Locate Traps 1 | . . 1 . . Transport Status 1 | . . 1 . . Recall Reinforcements 2 | . 1 1 . . Hauler Manifests 1 | . . 1 . . Registered Components 1 | . . 1 . . Zone Layout 3 | . 2 1 . . Fabricator Hacks . | . . . . . Repair Station Hacks . | . . . . . Recycling Unit Hacks . | . . . . . Scanalyzer . | . . . . . Garrison Access Hacks 1 | . . . . 1 Seal Access 1 | . . . . 1 Unauthorized Hacks 3 | . 1 1 . 1 Terminals 3 | . 1 1 . 1 Botnet 3 | . 1 1 . 1 Fabricators . | . . . . . Repair Stations . | . . . . . Recycling Units . | . . . . . Scanalyzers . | . . . . . Garrison Access . | . . . . . Data Cores Recovered . | . . . . . Used . | . . . . . Hacking Detections 12 | . 5 5 . 2 Full Trace Events 1 | . . 1 . . Feedback Events . | . . . . . Feedback Blocked . | . . . . . Robot Schematics Acquired . | . . . . . Robots Built . | . . . . . Authchips . | . . . . . Time . | . . . . . Total Robot Build Rating . | . . . . . Part Schematics Acquired . | . . . . . Parts Built . | . . . . . Authchips . | . . . . . Time . | . . . . . Total Part Build Rating . | . . . . . Parts Repaired . | . . . . . Time . | . . . . . Parts Recycled . | . . . . . Recycled Matter . | . . . . . Retrieved Matter . | . . . . . Retrieved Components . | . . . . . Parts Scanalyzed . | . . . . . Part Schematics Acquired . | . . . . . Parts Damaged . | . . . . . Bothacking | -11 -10 -9 -9 -8 ------------ Run | Yrd Mat Mat Min Mat Used RIF Installer . | . . . . . Robots Hacked . | . . . . . Non-combat . | . . . . . Combat . | . . . . . Robot Hacks Applied . | . . . . . Relay Couplers Released . | . . . . . Fabnet Peak Effective % . | . . . . . Robots Rewired . | . . . . . Allies Hacked . | . . . . . Hacks Repelled . | . . . . . Allies | -11 -10 -9 -9 -8 -------- Run | Yrd Mat Mat Min Mat Total Allies . | . . . . . Largest Group . | . . . . . Highest-Rated Group . | . . . . . Highest-Rated Ally . | . . . . . Total Orders . | . . . . . Ally Attacks . | . . . . . Total Damage . | . . . . . Kills . | . . . . . Allies Corrupted . | . . . . . Allies Melted . | . . . . . Intel | -11 -10 -9 -9 -8 ------- Run | Yrd Mat Mat Min Mat Robot Analysis Total . | . . . . . Derelict Logs Recovered . | . . . . . Drone Launches . | . . . . . Drone Recoveries . | . . . . . Exploration | -11 -10 -9 -9 -8 ------------- Run | Yrd Mat Mat Min Mat Turns Passed 3006 | 5 1654 466 179 702 Spaces Moved 1490 | 2 684 287 149 368 Core 3 | . . . . 3 Treads 922 | 2 684 8 . 228 Legs 20 | . . . . 20 Wheels 545 | . . 279 149 117 Hover . | . . . . . Flight . | . . . . . Fastest Speed 85 | 160 160 100 105 85 Average Speed 155 | 160 192 113 105 140 Slowest Speed 400 | 160 240 240 105 400 Overloaded Moves . | . . . . . Propulsion Burnouts . | . . . . . Robots Hopped . | . . . . . Cave-ins Triggered . | . . . . . Exploration Rate (%) 44 | 2 96 36 53 36 Regions Visited 4 Branch Regions 1 Pre-discovered Areas . | . . . . . Known Exits Taken 1 | . . 1 . . Unknown Exits Taken 3 | 1 1 . 1 . Scrap Searched 1 | . . . 1 . Spaces Dug . | . . . . . Terrain Destroyed 87 | . . . . 87 Melee . | . . . . . Projectile . | . . . . . AOE 87 | . . . . 87 Terrain Rammed . | . . . . . Walls Destroyed . | . . . . . Machines Disabled . | . . . . . Actions | -11 -10 -9 -9 -8 --------- Run | Yrd Mat Mat Min Mat Total 1898 | 3 917 361 158 459 Wait 216 | . 156 34 2 24 Move 1486 | 1 683 286 148 368 Hop . | . . . . . Pick Up 13 | . 8 2 2 1 Fast Attach 17 | . 3 5 . 9 Attach 12 | . 4 1 . 7 Detach . | . . . . . Swap 3 | 2 . 1 . . Drop 6 | . 2 3 . 1 Fire 122 | . 61 29 6 26 Melee 23 | . . . . 23 Ram . | . . . . . Kick . | . . . . . Crush . | . . . . . Escape Stasis . | . . . . . Rewire . | . . . . . Trap . | . . . . . Miscellaneous . | . . . . . Route ------- -11/Scrapyard -10/Materials (discovered 5 exits: *Mat x3 / *Min x2) -9/Materials -9/Mines -8/Materials (discovered 4 exits: Fac x3 / *Sto) History --------- Turn | Location | Event 4 | -11/Scrapyard | Discovered new exit (range 1) 6 | -11/Scrapyard | Entered Materials 320 | -10/Materials | Build established: Mutant 365 | -10/Materials | Discovered new exit (range 16) 366 | -10/Materials | Identified exit to Mines 945 | -10/Materials | Core integrity fell below 50% 1048 | -10/Materials | Discovered new exit (range 14) 1624 | -10/Materials | Discovered new exit (range 16) 1660 | -10/Materials | Entered another Materials area 1660 | -9/Materials | Evolved 2 slots: Utility x1, Weapon x1 1854 | -9/Materials | Identified exit to Mines 2126 | -9/Materials | Entered Mines 2161 | -9/Mines | Found a hidden stash of uninstalled traps 2222 | -9/Mines | Build established: Gunner 2297 | -9/Mines | Discovered new exit (range 9) 2305 | -9/Mines | Entered Materials 2305 | -8/Materials | Evolved 2 slots: Propulsion x2 2307 | -8/Materials | Discovered new exit (range 10) 2317 | -8/Materials | Identified exit to Storage 2387 | -8/Materials | Identified exit to Factory 2417 | -8/Materials | Garrison activated, responded to threat 2474 | -8/Materials | Core integrity fell below 50% 2491 | -8/Materials | Core integrity fell below 20% 2498 | -8/Materials | Lost 11 parts (1p4n1u5w) 2513 | -8/Materials | Destroyed 11 combat bots 2795 | -8/Materials | Build established: Scavenger-Mutant 3007 | -8/Materials | Destroyed by S-10 Pest with Light Assault Rifle Last Messages --------------- 02784_ R-06 Scavenger collects Welding Torch. 02799_ Acquired 33 matter. 02803_ Acquired 39 matter. 02819_ Sneak attack on A-02 Transporter. 02819_ A-02 Transporter destroyed. 02821_ Acquired 9 matter. 02855_ Sneak attack on O-16 Technician. 02855_ Destroyed Datajack. 02855_ O-16 Technician destroyed. 02896_ Sneak attack on A-02 Transporter. 02928_ Critical hit (Burn: +37). 02936_ G-47 Trooper destroyed. 02941_ Lgt. Treads destroyed. 02942_ G-47 Trooper destroyed. 02944_ Lgt. Treads destroyed. 02951_ G-47 Trooper destroyed. 02957_ Acquired Lgt. Nuclear Core. 02961_ Acquired Aluminum Leg. 02971_ Acquired 30 matter. 02975_ K-01 Serf collects debris. Map ----- +----------------------------------------------------+ | ?????????????????????????????????????????????????? | | ?????????????????????????????????????????????????? | | ?????????????????????????????????????????????????? | | ?????????????????????????????????????????????????? | | ?????????????????????????????????????????????????? | | ???????????????????????????????????????